AoeStats
← Leafey

Nomad

510188646Analyzed
3v3 RM · 4d ago on Sep 29, 2026· 48m 38s· 6 players
Game mode
Random Map
Map size
210×210
Population
200
Speed
Normal
Resources
Standard
Victory
Conquest
Starting age
Dark Age
Ending age
Imperial Age
RankedLock teamsTeams togetherTeam positionsShared explorationLock speedFull tech treeHidden civsTurbo modeCheats
Victory
Defeat
🇫🇷 Spanish · France
770
+12
🇫🇷 Maya · France
744
+13
🇫🇷 Franks · France
677
+32
🇺🇸 Dravidians · United States
679
-14
🇬🇧 Bulgarians · United Kingdom
677
-14
🇨🇭 Spanish · Switzerland
647
-12
Leafey
4:02 Loom
15:18 Feudal Age
18:05 Arson
18:24 Double-Bit Axe
18:43 Gold Mining
19:38 Forging
19:28 Scale Mail Armor
21:25 Wheelbarrow
28:21 Castle Age
31:20 Chain Mail Armor
31:52 Fishing Lines
35:51 Elite Skirmisher
38:15 Padded Archer Armor
38:06 Fletching
45:26 Imperial Age
Geneviève V.
15:38 Feudal Age
17:04 Wheelbarrow
16:20 Double-Bit Axe
16:19 Horse Collar
16:45 Stone Mining
17:09 Gold Mining
25:42 Castle Age
25:23 Arson
24:59 Man-at-Arms
25:52 Bloodlines
27:02 Hand Cart
27:16 Bow Saw
27:42 Heavy Plow
28:22 Stone Shaft Mining
29:04 Squires
28:50 Gambesons
28:25 Pikeman
28:26 Long Swordsman
29:38 Husbandry
29:43 Light Cavalry
31:10 Elite Skirmisher
35:19 Thumb Ring
35:09 Town Watch
35:10 Loom
35:41 Caravan
35:50 Scale Barding Armor
35:46 Padded Archer Armor
38:51 Ballistics
38:43 Masonry
Forsaken__King
19:46 Feudal Age
19:15 Loom
20:48 Fishing Lines
20:51 Man-at-Arms
21:18 Arson
23:12 Wheelbarrow
28:03 Horse Collar
31:18 Double-Bit Axe
38:16 Castle Age
40:08 Hand Cart
40:05 Bow Saw
39:57 Heavy Plow
39:50 Gillnets
40:13 Medium Warships
41:05 Long Swordsman
41:31 Gambesons
41:47 Squires
41:49 Scale Mail Armor
41:59 Forging
41:54 Elite Skirmisher
47:01 Imperial Age
44:17 Town Watch
44:07 Pikeman
46:11 Thumb Ring
46:00 Fletching
46:10 Padded Archer Armor
46:46 Iron Casting
46:26 Chain Mail Armor
47:28 Ballistics
47:07 Murder Holes
Predix
10:23 Loom
16:41 Feudal Age
19:06 Wheelbarrow
18:15 Horse Collar
18:22 Double-Bit Axe
18:20 Fishing Lines
19:07 Bloodlines
20:39 Loom
22:19 Fletching
22:31 Scale Mail Armor
28:35 Castle Age
26:54 Scale Barding Armor
27:00 Forging
28:20 Gold Mining
29:29 Elite Skirmisher
30:19 Thumb Ring
29:38 Elite Skirmisher
31:01 Hand Cart
31:31 Gillnets
35:12 Chain Barding Armor
35:57 Bodkin Arrow
36:38 Iron Casting
36:05 Padded Archer Armor
38:25 Town Watch
39:43 Leather Archer Armor
39:23 Light Cavalry
40:04 Husbandry
45:35 Town Patrol
48:10 Imperial Age
48:27 Elite Conquistador
maxoubisca
18:41 Feudal Age
21:59 Wheelbarrow
21:09 Town Watch
21:39 Double-Bit Axe
27:16 Scale Barding Armor
27:22 Forging
30:11 Castle Age
34:21 Stone Mining
34:21 Gold Mining
35:08 Hand Cart
41:26 Gold Shaft Mining
43:28 Husbandry
44:06 Chain Barding Armor
44:24 Iron Casting
47:51 Imperial Age
48:21 Capped Ram
Axiss134
17:01 Feudal Age
21:21 Gold Mining
26:38 Castle Age
30:32 Fletching
30:43 Padded Archer Armor
32:26 Wheelbarrow
32:02 Stone Mining
32:32 Elite Skirmisher
33:36 Horse Collar
33:45 Double-Bit Axe
34:39 Stone Shaft Mining
34:26 Bodkin Arrow
42:36 Ballistics
42:16 Eagle Warrior
47:45 Imperial Age
46:03 Pikeman
47:52 Leather Archer Armor
48:21 Elite Plumed Archer
49:13 Bracer
49:44 Ring Archer Armor
50:16 Chemistry
Connection lost

Rejoining the realm…

Still unreachable

The connection could not be restored.

Session expired

The server has moved on; the page needs a fresh start.